 Dungeon Crawl Stone Soup version 0.29.1-1-gd02db6906a (webtiles) character file.

Game seed: 2371574748230933762

121 gzilladon the Shield-Bearer (level 5, -7/47 HPs)
             Began as a Gnoll Fighter on Oct 14, 2022.
             Mangled by an ogre
             ... wielding a +0 giant club
              (26 damage)
             ... on level 4 of the Dungeon.
             The game lasted 00:07:20 (2175 turns).

gzilladon the Shield-Bearer (Gnoll Fighter)         Turns: 2175, Time: 00:07:21

Health: -7/47      AC: 10    Str: 18    XL:     5   Next: 5%
Magic:  5/7        EV:  9    Int:  7    God:
Gold:   98         SH:  5    Dex: 11    Spells: 6/6 levels left

rFire   . . .      SeeInvis .   a - +0 war axe
rCold   . . .      Faith    .   c - +0 buckler
rNeg    . . .      Spirit   .   b - +0 scale mail
rPois   .          Reflect  .   n - +1 hat
rElec   .          Harm     .   o - scarf {repulsion}
rCorr   .          Rampage  .   (no gloves)
Will    .....                   l - +0 pair of boots
Stlth   ..........              (no amulet)
HPRegen 0.15/turn               (no ring)
MPRegen 0.10/turn               (no ring)

@: repel missiles
A: fangs 1, strong nose, distributed training
a: no special abilities


You were on level 4 of the Dungeon.
You visited 1 branch of the dungeon, and saw 4 of its levels.

You collected 98 gold pieces.

Inventory:

Hand Weapons
 a - a +0 war axe (weapon)
Missiles
 h - 29 stones (quivered)
Armour
 b - a +0 scale mail (worn)
 c - a +0 buckler (worn)
 l - a +0 pair of boots (worn)
 n - a +1 hat (worn)
 o - a scarf of repulsion (worn)
Jewellery
 k - a ring of ice
Wands
 r - a wand of charming (10)
Scrolls
 i - 5 scrolls of identify {unknown}
 m - a scroll of fog {unknown}
 q - 2 scrolls of amnesia {unknown}
 s - a scroll of vulnerability {unknown}
Potions
 d - 3 potions of might
 e - 2 potions of attraction {unknown}
 f - a potion of cancellation {unknown}
 g - a potion of magic {unknown}
 j - 2 potions of degeneration {unknown}
 p - 2 potions of ambrosia {unknown}
 t - a potion of curing {unknown}
 u - a potion of heal wounds {unknown}


   Skills:
 + Level 6.6 Fighting
 + Level 1.4 Short Blades
 + Level 1.4 Long Blades
 + Level 4.7 Axes
 + Level 1.4 Maces & Flails
 + Level 1.4 Polearms
 + Level 1.4 Staves
 + Level 1.4 Ranged Weapons
 + Level 1.4 Throwing
 + Level 6.6 Armour
 + Level 1.4 Dodging
 + Level 1.4 Stealth
 + Level 6.6 Shields
 + Level 1.4 Unarmed Combat
 + Level 1.4 Spellcasting
 + Level 1.1 Conjurations
 + Level 1.1 Hexes
 + Level 1.1 Summonings
 + Level 1.1 Necromancy
 + Level 1.1 Translocations
 + Level 1.1 Transmutations
 + Level 1.1 Fire Magic
 + Level 1.1 Ice Magic
 + Level 1.1 Air Magic
 + Level 1.1 Earth Magic
 + Level 1.1 Poison Magic
 + Level 1.5 Invocations
 + Level 1.4 Evocations


You had 6 spell levels left.
You didn't know any spells.
Your spell library was empty.

Dungeon Overview and Level Annotations

Branches:
Dungeon (3/15)

Altars:

Shops:
D:1 !   D:3 ?


Innate Abilities, Weirdness & Mutations

You have very sharp teeth.
Your uncanny sense of smell can sniff out nearby items.
Your experience applies equally to all skills.


Message History

Ijyb barely misses you.
An ogre comes into view. It is wielding a +0 giant club.
You barely miss Ijyb.
Ijyb is almost dead.
The ogre shouts!
You hit the goblin.
You kill the goblin!
Ijyb hits you with a +0 dagger.
You closely miss Ijyb. You bite Ijyb.
You kill Ijyb!
You have reached level 5!
Throw: 32 stones
Press: ? - help, Q - select action, (/) - cycle Shift-Dir - straight line, f - ogre
Aim: an ogre, wielding a +0 giant club (74% to hit)
You throw a stone. The stone hits the ogre.
The ogre is lightly wounded.
Throw: 31 stones
Press: ? - help, Q - select action, (/) - cycle Shift-Dir - straight line, f/p - ogre
Aim: an ogre, wielding a +0 giant club (lightly wounded, 74% to hit)
You throw a stone. The stone hits the ogre.
The ogre is lightly wounded.
Throw: 30 stones
Press: ? - help, Q - select action, (/) - cycle Shift-Dir - straight line, f/p - ogre
Aim: an ogre, wielding a +0 giant club (lightly wounded, 74% to hit)
You throw a stone. The stone hits the ogre.
The ogre is moderately wounded.
An adder comes into view.
You barely miss the ogre.
The ogre is moderately wounded.
The adder hisses angrily.
The ogre hits you with a +0 giant club!!
You barely miss the ogre. Your bite misses the ogre.
The ogre is moderately wounded.
The ogre hits you but does no damage.
An endoplasm comes into view.
You slash the ogre! You bite the ogre.
The ogre is severely wounded.
The ogre hits you with a +0 giant club!!
Ouch! That really hurt!
You die...

#......# .....
....#......# .....
....#..g...####.....
#..#......#........
#.#......#........
#....=###........
#.....J..........
#......)))...$...
#.....SO@........
#...........$....
#................
#................
#......#.........
#.......#####....
###.....# ....
#.....# ...


You could see an ogre, an adder and an endoplasm.

Vanquished Creatures
  Ijyb (D:4)
  5 adders
  A worm (D:2)
  A dart slug (D:2)
  3 endoplasms
  A giant cockroach (D:3)
  4 goblins
  A hobgoblin (D:1)
  4 jackals (D:2)
  6 kobolds
  5 quokkas
  3 ball pythons (D:2)
  6 bats
  2 frilled lizards (D:2)
  7 rats
50 creatures vanquished.

Notes
Turn   | Place    | Note
-------+----------+-------------------------------------------
     0 | D:1      | gzilladon the Gnoll Fighter began the quest for the Orb.
     0 | D:1      | Reached XP level 1. HP: 23/23 MP: 1/1
     1 | D:1      | Noticed an electric eel
    52 | D:1      | Found Wupeos's Distillery.
   180 | D:1      | Reached XP level 2. HP: 29/29 MP: 2/2
   512 | D:1      | Found a faded altar of an unknown god.
   977 | D:2      | Reached XP level 3. HP: 29/35 MP: 3/3
  1051 | D:2      | Reached skill level 1 in Invocations
  1243 | D:2      | Reached skill level 1 in Short Blades
  1243 | D:2      | Reached skill level 1 in Long Blades
  1243 | D:2      | Reached skill level 1 in Maces & Flails
  1243 | D:2      | Reached skill level 1 in Polearms
  1243 | D:2      | Reached skill level 1 in Staves
  1243 | D:2      | Reached skill level 1 in Ranged Weapons
  1243 | D:2      | Reached skill level 1 in Throwing
  1243 | D:2      | Reached skill level 1 in Dodging
  1243 | D:2      | Reached skill level 1 in Stealth
  1243 | D:2      | Reached skill level 1 in Unarmed Combat
  1243 | D:2      | Reached skill level 1 in Spellcasting
  1243 | D:2      | Reached skill level 1 in Evocations
  1423 | D:2      | Reached XP level 4. HP: 41/41 MP: 5/5
  1965 | D:3      | Reached skill level 1 in Conjurations
  1965 | D:3      | Reached skill level 1 in Hexes
  1965 | D:3      | Reached skill level 1 in Summonings
  1965 | D:3      | Reached skill level 1 in Necromancy
  1965 | D:3      | Reached skill level 1 in Translocations
  1965 | D:3      | Reached skill level 1 in Transmutations
  1965 | D:3      | Reached skill level 1 in Fire Magic
  1965 | D:3      | Reached skill level 1 in Ice Magic
  1965 | D:3      | Reached skill level 1 in Air Magic
  1965 | D:3      | Reached skill level 1 in Earth Magic
  1965 | D:3      | Reached skill level 1 in Poison Magic
  2047 | D:3      | Found Ywiofeni's Magic Scroll Shop.
  2146 | D:3      | You fall into a shaft and drop 1 floor!
  2152 | D:4      | Noticed Ijyb
  2167 | D:4      | Noticed an ogre
  2169 | D:4      | Killed Ijyb
  2170 | D:4      | Reached XP level 5. HP: 38/47 MP: 5/7
  2175 | D:4      | Mangled by an ogre

Illustrated notes

Levels and vault maps discovered:
D:1:      arrival_aquarium_a, layout_basic, serial_shops, shop,
          shapermc_ecumenical_altar_totnotflames
D:2:      layout_loops_ring, hex_large
D:3:      kennysheep_six_static_rooms, layout_basic, serial_shops,
          nicolae_shop_hallway_plus
D:4:      wad_river_or_something, layout_basic, temple_green, serial_shops,
          shop, serial_bayou_crossing, uniq_natasha, uniq_ijyb, uniq_pikel

Skill      XL: |  1  2  3  4 |
---------------+-------------+-----
Invocations    | 1 |  1.5
Short Blades   | 1 |  1.4
Long Blades    | 1 |  1.4
Maces & Flails | 1 |  1.4
Polearms       | 1 |  1.4
Staves         | 1 |  1.4
Ranged Weapons | 1 |  1.4
Throwing       | 1 |  1.4
Dodging        | 1 |  1.4
Stealth        | 1 |  1.4
Unarmed Combat | 1 |  1.4
Spellcasting   | 1 |  1.4
Evocations     | 1 |  1.4
Conjurations   | 1 |  1.1
Hexes          | 1 |  1.1
Summonings     | 1 |  1.1
Necromancy     | 1 |  1.1
Translocations | 1 |  1.1
Transmutations | 1 |  1.1
Fire Magic     | 1 |  1.1
Ice Magic      | 1 |  1.1
Air Magic      | 1 |  1.1
Earth Magic    | 1 |  1.1
Poison Magic   | 1 |  1.1
Fighting       | |  6.6
Axes           | |  4.7
Armour         | |  6.6
Shields        | |  6.6

Action                   |  1- 3 |  4- 6 || total
-------------------------+-------+-------++-------
Melee: War axe           |   107 |    43 ||   150
       Bite              |    13 |     4 ||    17
Throw: Stone             |       |     3 ||     3
Armor: Scale mail        |    76 |    20 ||    96
Dodge: Dodged            |    67 |    28 ||    95
Block: Buckler           |    50 |    11 ||    61
